 Dungeon Crawl Stone Soup version 0.26-a0-579-g3afe4966bf (webtiles) character file.

Game seed: 12537368137322400428

25 Isi the Conjurer (level 2, -2/20 HPs)
             Began as a Draconian Conjurer on Aug 23, 2020.
             Slain by an adder (5 damage)
             ... on level 1 of the Dungeon.
             The game lasted 00:09:24 (1328 turns).

Isi the Conjurer (Draconian Conjurer)               Turns: 1328, Time: 00:09:25

Health: -2/20      AC:  5    Str:  9    XL:     2   Next: 86%
Magic:  0/5        EV: 12    Int: 18    God:
Gold:   58         SH:  0    Dex:  9    Spells: 2/5 levels left

rFire    . . .     SeeInvis .   c - +1 club
rCold    . . .     Faith    .   (no shield)
rNeg     . . .     Spirit   .   (armour unavailable)
rPois    .         Reflect  .   (helmet restricted)
rElec    .         Harm     .   d - +0 cloak
rCorr    .                      (no gloves)
MR       .....                  (no boots)
Stlth    ++........             (no amulet)
HPRegen  0.06/turn              (no ring)
MPRegen  0.09/turn              (no ring)

@: no status effects
A: unfitting armour, cold-blooded, AC +4
a: no special abilities


You were on level 1 of the Dungeon.
You visited 1 branch of the dungeon, and saw 2 of its levels.

You collected 58 gold pieces.

Inventory:

Hand Weapons
 c - a +1 club (weapon)
Missiles
 a - 36 stones (quivered)
 b - 14 sling bullets
 f - 31 arrows
Armour
 d - a +0 cloak (worn)
Potions
 e - a potion of stabbing


   Skills:
 + Level 2.0 Dodging
 + Level 1.9 Stealth
 + Level 2.1 Spellcasting
 + Level 4.6 Conjurations


You had 2 spell levels left.
You knew the following spells:

 Your Spells              Type           Power        Failure   Level
a - Magic Dart            Conj           ###.         2%          1
b - Searing Ray           Conj           ###...       4%          2

Your spell library contained the following spells:

 Spells                   Type           Power        Failure   Level
 Dazzling Flash           Conj/Hex       ##....       21%         3
 Fulminant Prism          Conj/Hex       ##........   56%         4
 Iskenderun's Mystic Bla  Conj/Tloc      ##......     56%         4


Dungeon Overview and Level Annotations

Branches:
Dungeon (2/15)

Altars:

Annotations:
D:2 Jessica


Innate Abilities, Weirdness & Mutations

Your plain brown scales are hard. (AC +4)
You cannot fit into any form of body armour.
You are cold-blooded and may be slowed by cold attacks.


Message History

* * * LOW HITPOINT WARNING * * *
Okay, then.
You aren't carrying any scrolls.
The searing ray hits the hobgoblin!
You kill the hobgoblin!
Your Dodging skill increases to level 2!
The adder closely misses you. The adder barely misses you.
Casting: Searing Ray (safe; 4% risk of failure)
Confirm with . or Enter, or press ? or * to list all spells.
Aiming: Searing Ray (safe; 4% risk of failure)
Press: ? - help, Shift-Dir - straight line, f - adder
Aim: an adder The searing ray misses the adder. (Press . to maintain the ray.)
The adder misses you.
Without enough magic to sustain it, your searing ray dissipates.
The adder bites you.
* * * LOW HITPOINT WARNING * * *
The adder bites you.
You die...

#.#.##.........# #.#
#.#.##.#.......# #.#
#.#.##.##.)...######.#
#.#........#.........#
#......###.########### ########
#.# #.# ### #########.# ..###
#....@S.#.# ....## ########.#.#
###### .....######...####.#.#
#..... 8......##.......##.#.#####
#.#### .....##..........#.......#
#.#
....####....<....#.#.###.###.####
..### #.........#...)##.........
##.### ##.......##.....#####.###.
##...######...#####...## #.# #.


You could see an adder.

Vanquished Creatures
  2 leopard geckos (D:1)
  5 bats (D:1)
  4 goblins (D:1)
  5 hobgoblins (D:1)
  A frilled lizard (D:1)
  5 rats (D:1)
22 creatures vanquished.

Notes
Turn   | Place    | Note
-------+----------+-------------------------------------------
     0 | D:1      | Isi the Draconian Conjurer began the quest for the Orb.
     0 | D:1      | Reached XP level 1. HP: 14/14 MP: 3/3
   549 | D:1      | Reached XP level 2. HP: 20/20 MP: 3/5
   644 | D:1      | Learned a level 2 spell: Searing Ray
  1318 | D:2      | Noticed Jessica
  1328 | D:1      | Slain by an adder

Illustrated notes

Levels and vault maps discovered:
D:1:      dpeg_arrival_three_same_balls, layout_loops_corners
D:2:      layout_basic, st_stairs_5, tso_metal_star, uniq_terence, uniq_jessica

Skill      XL: |  1  2 |
---------------+-------+-----
Dodging        | 2 |  2.0
Stealth        | |  1.9
Spellcasting   | |  2.1
Conjurations   | |  4.6

Action                   || total
-------------------------++-------
Melee: Unarmed           ||     3
       Club              ||     1
       Tailslap          ||     1
 Cast: Magic Dart        ||    26
       Searing Ray       ||    12
  Use: Potion            ||     4
       Scroll            ||     5
Armor: Skin              ||     3
Dodge: Dodged            ||    13

Table legend: (Time is in decaauts)
 A = Elapsed time spent in this place.
 B = Non-inter-level travel time spent in this place.
 C = Inter-level travel time spent in this place.
 D = Time resting spent in this place.
 E = Time spent auto-exploring this place.
 F = Levels seen in this place.
 G = Mean time per level.
                   A        B        C        D        E       F      G
               +--------+--------+--------+--------+--------+-----+--------+
         Total |   1328 |   1316 |     12 |    302 |    696 |   2 |  664.0 |
       Dungeon |   1328 |   1316 |     12 |    302 |    696 |   2 |  664.0 |
               +--------+--------+--------+--------+--------+-----+--------+

Top non-repeatable levels by time:
     D:1: 1323 daAuts
     D:2: 5 daAuts
